 Dungeon Crawl Stone Soup version 0.29.0-7-g18a832c13a (webtiles) character file.

Game seed: 3768927541416422113

17 Colgate the Insei (level 2, 0/18 HPs)
             Began as an Octopode Transmuter on Aug 30, 2022.
             Slain by a jackal (2 damage)
             ... on level 1 of the Dungeon.
             The game lasted 00:01:24 (399 turns).

Colgate the Insei (Octopode Transmuter)              Turns: 399, Time: 00:01:25

Health: 0/18       AC:  1    Str:  9    XL:     2   Next: 62%
Magic:  3/5        EV: 13    Int: 15    God:
Gold:   12         SH:  0    Dex: 12    Spells: 2/5 levels left

rFire   . . .      SeeInvis .     - Unarmed
rCold   . . .      Faith    .   (no shield)
rNeg    . . .      Spirit   .   (helmet restricted)
rPois   .          Reflect  .   (no amulet)
rElec   .          Harm     .   (no ring)
rCorr   .          Rampage  .   (no ring)
Will    .....                   (no ring)
Stlth   ++........              (no ring)
HPRegen 0.06/turn               (no ring)
MPRegen 0.09/turn               (no ring)
                                (no ring)
                                (no ring)

@: wereblooded
A: almost no armour, amphibious, 8 rings, camouflage 1, gelatinous body 1,
(nimble swimmer 1), tentacles
a: no special abilities


You were on level 1 of the Dungeon.
You visited 1 branch of the dungeon, and saw 1 of its levels.

You collected 12 gold pieces.

Inventory:

Scrolls
 b - 2 scrolls of identify {unknown}
 c - a scroll of teleportation {unknown}
Potions
 a - a potion of lignification


   Skills:
 - Level 1.0 Fighting
 - Level 2.0 Dodging
 + Level 3.9 Unarmed Combat
 - Level 2.0 Spellcasting
 - Level 2.0 Transmutations


You had 2 spell levels left.
You knew the following spells:

 Your Spells              Type           Power      Damage    Failure   Level
a - Beastly Appendage     Tmut           14%        N/A       10%         1
b - Wereblood             Tmut           7%         N/A       14%         2

Your spell library contained the following spells:

 Spells                   Type           Power      Damage    Failure   Level
 Spider Form              Tmut/Pois      4%         N/A       41%         3
 Ice Form                 Ice/Tmut       4%         N/A       82%         4


Dungeon Overview and Level Annotations

Branches:
Dungeon (1/15)

Altars:


Innate Abilities, Weirdness & Mutations

You cannot wear most types of armour.
You are amphibious.
You can wear up to eight rings at the same time.
Your skin changes colour to match your surroundings (Stealth+).
Your rubbery body absorbs attacks. (AC +1, EV +1)
((You are camouflaged when in or above water. (Stealth+)))
You have tentacles for arms and can constrict up to eight enemies at once.


Message History

No target in view!
b - 2 scrolls labelled VURIKHL ERIAG (gained 1)
Found a dagger.
No target in view!
Found a sling.
No target in view! 2 jackals come into view.
You see here 2 white potions.
The jackal barks!
A jackal comes into view.
A jackal comes into view.
The jackal closely misses you.
The jackal barks! x2
You tentacle-slap the jackal. Your grab misses the jackal.
Your squeeze misses the jackal. The jackal misses you. The jackal bites you.
The jackal bites you. x2
The jackal attacks as you move away! The jackal bites you.
The jackal attacks as you move away! The jackal bites you.
The jackal attacks as you move away!
The jackal bites you but does no damage.
You tentacle-slap the jackal. You grab the jackal. You squeeze the jackal.
You constrict the jackal. The jackal barely misses you. x2
You tentacle-slap the jackal. You constrict the jackal. The jackal bites you.
* * * LOW HITPOINT WARNING * * *
You tentacle-slap the jackal.
You kill the jackal!
You tentacle-slap the jackal. Your grab misses the jackal.
The jackal barely misses you.
You tentacle-slap the jackal.
You kill the jackal!
You closely miss the jackal. You grab the jackal. You constrict the jackal.
The jackal bites you.
* * * LOW HITPOINT WARNING * * *
You tentacle-slap the jackal. You squeeze the jackal.
You kill the jackal!
Casting: Beastly Appendage (safe; 10% risk of failure)
Your blood is infused with primal strength.
The jackal bites you.
You die...

#......................
#.......[..............
#....†.......!.........
#.......#..............
#....(.................
#....##................
#....##....h...........
#....###h#..h......)..#
#.....##@#.#..#...##..#
#####.##.#.##........ .
#####.#..#..........#
#.......##.###.#.#....
#.....####.# #.........
#####....#.####........
#######..........#
#........##.....#####
#...................#


You could see a jackal.

Vanquished Creatures
  2 ball pythons (D:1)
  A bat (D:1)
  3 endoplasms (D:1)
  2 giant cockroaches (D:1)
  A goblin (D:1)
  A hobgoblin (D:1)
  3 jackals (D:1)
13 creatures vanquished.

Notes
Turn   | Place    | Note
-------+----------+-------------------------------------------
     0 | D:1      | Colgate the Octopode Transmuter began the quest for the
                  | Orb.
     0 | D:1      | Reached XP level 1. HP: 13/13 MP: 3/3
   107 | D:1      | Reached XP level 2. HP: 14/18 MP: 5/5
   110 | D:1      | Learned a level 2 spell: Wereblood
   399 | D:1      | Slain by a jackal

Illustrated notes

Levels and vault maps discovered:
D:1:      shiori_shiawase, layout_rooms

Action                   || total
-------------------------++-------
Melee: Unarmed           ||    31
       Tentacles         ||    10
       Constrict         ||     7
       Punch             ||     1
       Kick              ||     1
 Cast: Beastly Appendage ||     1
       Wereblood         ||     1
 Stab: Sleeping          ||     1
Armor: Skin              ||     4
Dodge: Dodged            ||    17
